Map: Deathaura LE

Players

Scarlett

  • Race: Zerg Zerg
  • Spawn Location: 11:00

INnoVation - Winner!

  • Race: Terran Terran
  • Spawn Location: 5:00

Event: DreamHack SC2 Masters 2020 Fall

VOD

Have the link to the VOD?

Description

Time

  • Played on: Sept. 18, 2020, 1:55 p.m.
  • Length: 10:46

All games in this series

Show
View Real Time Build Order
Export as new Build Order

Scarlett Zerg 

Build Orders: Hatch First, Muta Ling Bane, Ravager All-In 

Get SALT Encoding   

  12  0:00  Drone  
  13  0:12  Overlord  
  13  0:16  Drone  
  14  0:30  Drone x2  
  16  0:46  Hatchery  
  15  0:50  Drone  
  15  0:54  Drone  
  17  0:57  Drone  
  18  1:08  Extractor  
  17  1:12  Spawning Pool  
  17  1:15  Drone  
  17  1:18  Drone  
  18  1:28  Drone  
  19  1:38  Drone  
  20  1:50  Overlord  
  20  1:58  Queen x2  
  20  1:59  Zergling x2  
  20  2:00  Zergling x2  
  26  2:10  Drone  
  26  2:11  Drone  
  26  2:13  Metabolic Boost  
  28  2:22  Drone x2  
  30  2:34  Hatchery  
  30  2:36  Drone  
  30  2:42  Drone  
  30  2:44  Overlord  
  31  2:45  Drone  
  32  2:52  Queen  
  32  2:54  Drone  
  35  2:59  Drone  
  36  3:06  Drone x3  
  36  3:07  Drone  
  36  3:12  Overlord  
  40  3:14  Drone  
  40  3:18  Zergling x2  
  40  3:19  Queen  
  44  3:36  Roach Warren  
  44  3:37  Drone x3, Extractor  
  44  3:38  Extractor  
  44  3:39  Drone x3  
  47  3:42  Drone  
  48  3:50  Drone  
  48  3:51  Overlord  
  48  3:53  Drone  
  50  3:59  Drone  
  50  4:01  Drone, Overlord x2  
  52  4:09  Overlord  
  52  4:16  Roach x5  
  62  4:19  Roach  
  62  4:22  Roach  
  66  4:26  Roach  
  66  4:28  Roach  
  70  4:33  Zergling x8  
  74  4:38  Zergling x6  
  74  4:44  Ravager x2  
  79  4:48  Ravager x2, Zergling x2  
  79  4:49  Zergling x6  
  84  4:56  Ravager, Overlord  
  84  4:57  Zergling x6  
  84  4:58  Zergling x2  
  87  5:07  Overlord  
  87  5:08  Zergling x4  
  87  5:12  Zergling x2  
  90  5:17  Zergling x2  
  88  5:25  Zergling x4  
  78  5:30  Zergling x16  
  78  5:31  Lair  
  69  5:37  Drone  
  69  5:40  Drone  
  69  5:42  Queen  
  67  5:46  Drone x2  
  68  5:52  Drone x2  
  68  5:55  Drone, Evolution Chamber  
  68  5:56  Evolution Chamber  
  67  5:57  Queen  
  67  5:58  Drone  
  67  6:00  Drone  
  67  6:02  Drone x2  
  73  6:05  Spore Crawler  
  73  6:08  Spore Crawler  
  73  6:10  Spore Crawler  
  73  6:11  Drone  
  71  6:13  Drone  
  72  6:19  Drone x4  
  72  6:25  Drone x3  
  75  6:32  Drone  
  75  6:33  Drone x3  
  75  6:38  Drone x4  
  82  6:44  Baneling Nest  
  77  6:47  Overseer  
  77  6:49  Drone x5  
  77  6:57  Drone x5  
  78  7:02  Zerg Ground Armor Level 1, Zerg Melee Weapons Level 1  
  78  7:05  Drone x2  
  78  7:08  Drone x3  
  83  7:10  Drone x2  
  83  7:15  Drone x4  
  89  7:18  Roach  
  89  7:20  Roach  
  93  7:22  Extractor  
  93  7:24  Roach, Extractor  
  93  7:26  Extractor  
  92  7:32  Overlord  
  92  7:39  Drone x3, Centrifical Hooks  
  92  7:42  Drone x3, Spire  
  97  7:45  Ravager x3  
  97  7:46  Zergling x6  
  97  7:50  Zergling x6  
  106  7:53  Zergling x8  
  110  7:58  Spawning Pool  
  89  8:14  Drone, Extractor  
  89  8:15  Drone x2  
  91  8:21  Roach x6  
  91  8:23  Drone  
  91  8:24  Drone  
  105  8:30  Overlord x5  
  105  8:32  Hatchery  
  104  8:37  Overlord  
  104  8:44  Overlord  
  104  8:45  Zergling x4  
  109  8:48  Ravager x6  
  109  8:51  Baneling x3  
  109  8:53  Zergling x6  
  113  9:00  Zergling x8  
  93  9:10  Queen x3, Zergling x10  
  93  9:15  Zergling x6  
  93  9:16  Baneling x2  
  107  9:28  Zergling x10  
  109  9:32  Mutalisk  
  109  9:33  Mutalisk  
  113  9:44  Mutalisk x2  
  114  9:46  Queen, Zergling x8  
  120  9:55  Baneling x9  
  120  9:57  Zergling x4  
  120  9:58  Baneling x2  
  122  10:01  Baneling x2  
  122  10:04  Zergling x2  
  122  10:05  Zergling x8  
  122  10:06  Hatchery  
  126  10:08  Baneling x4  
  126  10:09  Zergling x2  
  127  10:19  Zergling x6  
  117  10:23  Baneling x10  
  117  10:24  Zergling x2  
  117  10:28  Baneling  
  118  10:29  Zergling x2  
Show
View Real Time Build Order
Export as new Build Order

INnoVation Terran - Winner!

Build Orders: Reaper Expand, Hellion Banshee 

Get SALT Encoding   

  12  0:00  SCV  
  13  0:12  SCV  
  14  0:18  Supply Depot  
  14  0:24  SCV  
  15  0:39  SCV  
  15  0:41  Barracks  
  16  0:44  Refinery  
  16  0:52  SCV  
  17  1:04  SCV  
  18  1:16  SCV  
  19  1:28  Orbital Command, Reaper  
  20  1:39  Command Center  
  20  1:49  Supply Depot  
  20  1:54  SCV  
  21  2:00  Marine  
  22  2:06  SCV  
  22  2:08  Factory  
  23  2:18  SCV  
  23  2:22  Barracks Reactor  
  24  2:30  SCV  
  25  2:39  Command Center  
  25  2:42  SCV  
  26  2:51  Orbital Command  
  26  2:54  SCV  
  27  3:00  Starport  
  27  3:03  Refinery  
  27  3:06  SCV  
  27  3:10  Hellion  
  30  3:15  Hellion  
  30  3:16  Barracks Tech Lab  
  30  3:18  SCV  
  33  3:21  SCV  
  34  3:31  SCV  
  34  3:33  SCV  
  36  3:36  Hellion x2  
  39  3:43  SCV  
  39  3:45  Banshee, SCV  
  44  3:49  Barracks Tech Lab  
  44  3:51  Orbital Command  
  44  3:57  Hellion  
  44  3:58  Hellion  
  44  4:00  SCV x2  
  50  4:05  Supply Depot  
  50  4:06  Cloaking Field  
  50  4:08  Marine  
  51  4:13  Orbital Command  
  51  4:14  SCV x2  
  53  4:26  SCV x2  
  53  4:28  Banshee  
  53  4:29  Marine  
  53  4:30  Supply Depot  
  59  4:35  Refinery  
  59  4:38  SCV x2  
  61  4:39  Barracks, Factory Reactor  
  61  4:40  Barracks  
  61  4:44  SCV  
  62  4:46  Marine  
  62  4:50  SCV x2  
  65  4:52  Engineering Bay  
  65  4:54  Engineering Bay  
  65  4:56  Supply Depot  
  65  4:57  SCV  
  64  5:00  Stimpack  
  64  5:03  SCV  
  64  5:04  SCV, Marine  
  65  5:09  SCV  
  65  5:10  Supply Depot  
  66  5:18  Refinery  
  68  5:22  Marine  
  68  5:25  SCV x2  
  58  5:36  SCV  
  58  5:37  SCV  
  58  5:39  Terran Infantry Armor Level 1, Terran Infantry Weapons Level 1  
  54  5:44  SCV  
  54  5:45  Marine x2  
  54  5:46  Marine  
  54  5:47  Marine  
  54  5:48  SCV, Marine  
  54  5:49  SCV  
  62  5:56  SCV  
  63  5:59  Starport Reactor  
  63  6:00  SCV  
  63  6:01  SCV  
  63  6:03  Supply Depot  
  65  6:04  Marine x2  
  65  6:05  Marine x3  
  65  6:06  Factory Reactor  
  65  6:09  Orbital Command, SCV  
  71  6:14  SCV  
  72  6:22  Marine x3  
  72  6:23  SCV, Marine  
  75  6:26  SCV  
  76  6:33  Barracks  
  76  6:35  Barracks, SCV x2  
  76  6:37  Medivac x2  
  76  6:38  SCV  
  76  6:39  Combat Shield  
  83  6:47  SCV  
  83  6:48  SCV  
  83  6:50  SCV  
  83  6:51  Supply Depot  
  83  6:52  Armory  
  86  6:54  Marine x4  
  86  6:59  SCV  
  86  7:00  SCV  
  92  7:02  SCV  
  92  7:07  Supply Depot  
  93  7:10  Supply Depot  
  93  7:11  Supply Depot  
  93  7:12  Medivac, SCV x2  
  93  7:13  Widow Mine x2  
  101  7:23  Barracks Reactor  
  101  7:24  Barracks Reactor  
  101  7:29  Medivac, SCV x2, Marine x4  
  109  7:32  SCV, Marine  
  109  7:34  Widow Mine x2  
  109  7:35  Supply Depot  
  115  7:37  Supply Depot  
  115  7:40  Terran Infantry Weapons Level 2  
  115  7:41  SCV x2  
  117  7:44  SCV  
  117  7:47  Refinery x2, Marine x3  
  121  7:53  SCV  
  121  7:55  SCV  
  121  7:56  SCV  
  121  7:57  Terran Infantry Armor Level 2, Marine  
  121  7:58  Marine  
  126  8:03  Widow Mine x2  
  126  8:04  Marine x2  
  131  8:05  SCV  
  131  8:07  SCV, Marine x3  
  131  8:08  SCV  
  130  8:16  Marine  
  130  8:17  Marine x3  
  134  8:20  SCV  
  134  8:22  Marine x2  
  134  8:25  Factory  
  135  8:28  Supply Depot  
  135  8:30  Widow Mine x2, Supply Depot  
  135  8:32  Medivac  
  141  8:48  Supply Depot  
  141  8:50  Marine x8  
  141  8:51  Medivac  
  141  8:54  Command Center  
  141  8:55  Widow Mine x2  
  154  9:05  Marine  
  154  9:08  Marine x8  
  142  9:12  Drilling Claws  
  142  9:16  Thor  
  142  9:19  Widow Mine x2  
  142  9:20  Missile Turret  
  142  9:23  Marine  
  147  9:25  Medivac x2, Marine x3  
  147  9:31  Marine x5  
  159  9:40  Marine  
  159  9:43  Marine x2  
  162  9:50  Barracks  
  162  9:51  Barracks  
  162  9:52  Barracks  
  162  9:54  Widow Mine  
  164  10:00  Supply Depot x3  
  164  10:05  Medivac x2  
  164  10:06  Widow Mine  
  170  10:10  Planetary Fortress  
  164  10:25  Marine x9  

Tags
 
Add a new tag
Caveats
  • Supply blocks, unpowered buildings, or Contaminate may cause inaccurate times.
  • Supply counts are checked every 10 seconds.